Map: Frozen Temple

Players

blackxored - Winner!

  • Race: Zerg Zerg
  • League: Diamond

HiddenSquid

  • Race: Zerg Zerg
  • League: Diamond

VOD

Have the link to the VOD?

Description

Time

  • Played on: July 3, 2016, 7:13 p.m.
  • Length: 9:06
Show
View Real Time Build Order
Export as new Build Order

blackxored Zerg - Winner!

Build Orders: Hatch First 

Get SALT Encoding   

  12  0:01  Drone  
  13  0:08  Drone  
  14  0:19  Overlord  
  14  0:24  Extractor  
  14  0:25  Drone  
  15  0:39  Drone x2  
  17  0:57  Hatchery  
  17  1:01  Drone  
  17  1:02  Drone  
  18  1:15  Extractor  
  18  1:18  Spawning Pool  
  16  1:20  Drone  
  16  1:21  Drone  
  18  1:28  Drone  
  19  1:40  Overlord  
  20  1:56  Overlord  
  20  2:07  Spine Crawler  
  19  2:11  Baneling Nest, Zergling x4  
  19  2:12  Queen  
  20  2:25  Zergling x2  
  21  2:32  Zergling x2  
  22  2:49  Zergling x2  
  23  2:56  Baneling  
  23  3:03  Evolution Chamber  
  22  3:10  Baneling  
  22  3:12  Zergling x4  
  22  3:19  Queen  
  24  3:23  Baneling  
  24  3:43  Drone x3  
  27  3:50  Zerg Melee Weapons Level 1  
  27  3:56  Zergling x4  
  29  4:04  Drone  
  30  4:22  Baneling x2  
  29  4:48  Lair  
  29  4:57  Hatchery  
  28  5:06  Spore Crawler  
  27  5:09  Overlord  
  27  5:26  Zergling x10  
  27  5:27  Zergling x8  
  36  5:31  Metabolic Boost  
  35  5:48  Overseer  
  35  6:21  Hatchery  
  34  6:42  Zerg Ground Armor Level 1  
  34  6:55  Zergling x14  
  34  6:56  Zergling x12  
  46  7:07  Zergling x2  
  46  7:08  Zergling x2  
  48  7:16  Zergling x2  
  48  7:17  Zergling x4  
  51  7:27  Zergling x2  
  51  7:28  Zergling x2  
  51  7:33  Baneling  
  51  7:34  Baneling x5  
  51  7:38  Zergling x6  
  54  7:58  Zergling x14  
  46  8:14  Zergling x8  
  46  8:19  Zergling x2  
  29  8:48  Zergling x2  
Show
View Real Time Build Order
Export as new Build Order

HiddenSquid Zerg 

Build Orders: Pool First, Zergling Baneling 

Get SALT Encoding   

  12  0:01  Drone  
  13  0:10  Drone  
  14  0:27  Spawning Pool  
  13  0:30  Drone  
  13  0:34  Extractor  
  13  0:36  Drone  
  14  0:46  Extractor  
  14  0:47  Drone  
  15  0:51  Overlord  
  15  1:14  Zergling x6  
  15  1:16  Queen  
  21  1:25  Zergling x2  
  21  1:36  Zergling x2  
  22  1:40  Baneling Nest  
  22  1:47  Zergling x2  
  22  1:57  Overlord  
  22  2:04  Burrow  
  21  2:26  Zergling x8  
  21  2:27  Zergling x2  
  26  2:32  Baneling x2  
  26  2:35  Drone  
  27  2:37  Baneling  
  27  2:50  Drone  
  28  3:12  Drone x2  
  30  3:17  Roach Warren  
  29  3:29  Baneling x2  
  29  3:53  Extractor  
  28  4:00  Roach  
  28  4:01  Overlord x2  
  30  4:03  Hatchery  
  29  4:17  Drone  
  30  4:25  Baneling x2  
  30  4:38  Drone x4  
  33  4:50  Drone  
  34  4:57  Baneling  
  34  4:59  Baneling, Roach  
  40  5:00  Roach x3  
  42  5:18  Drone  
  43  5:22  Queen  
  43  5:23  Drone x2  
  47  5:45  Drone x5  
  52  5:54  Overlord, Lair  
  52  6:10  Overlord x2  
  51  6:15  Roach  
  51  6:17  Drone x3  
  56  6:27  Drone  
  56  6:28  Drone x3  
  56  6:29  Drone  
  56  6:31  Drone  
  62  6:43  Drone x4  
  66  7:01  Extractor  
  65  7:02  Extractor  
  64  7:10  Roach  
  64  7:11  Roach  
  64  7:15  Overlord x3  
  68  7:19  Overseer  
  68  7:37  Spire  
  67  7:45  Drone x2  
  67  7:46  Drone x3  
  67  7:47  Drone  
  67  7:49  Roach x6  
  73  7:52  Baneling  
  73  7:53  Hatchery  
  73  7:56  Roach x2  
  73  7:57  Roach x3  
  70  8:00  Roach x6  
  70  8:03  Roach x14  
  70  8:05  Baneling  
  62  8:08  Baneling  
  53  8:14  Roach  
  53  8:15  Roach x2  
  59  8:23  Roach x5  
  59  8:26  Roach x2  
  59  8:27  Roach  
  47  8:38  Roach x3  
Tags
 
Add a new tag
Caveats
  • Supply blocks, unpowered buildings, or Contaminate may cause inaccurate times.
  • Supply counts are checked every 10 seconds.